 Dungeon Crawl Stone Soup version 0.24.0-123-gd5b16e6ec5 (webtiles) character file.

Game seed: 18102418102959212647, levelgen mode: deterministic

1220 Bluestream the Thaumaturge (level 8, 0/41 HPs)
             Began as a Deep Elf Fire Elementalist on Feb 4, 2020.
             Succumbed to a hornet's poison
             ... on level 5 of the Dungeon.
             The game lasted 00:16:59 (5885 turns).

Bluestream the Thaumaturge (DEFE)                   Turns: 5885, Time: 00:16:59

Health: 0/41       AC:  7    Str:  5    XL:     8   Next: 23%
Magic:  2/22       EV: 13    Int: 23    God:
Gold:   317        SH:  0    Dex: 17    Spells: 12/23 levels left

rFire    . . .     SeeInvis .   (no weapon)
rCold    + . .     Gourm    .   (no shield)
rNeg     . . .     Faith    .   a - +0 robe
rPois    .         Spirit   .   (no helmet)
rElec    .         Reflect  .   y - +0 cloak
rCorr    .         Harm     .   (no gloves)
MR       .....                  (no boots)
Stlth    ++........             (no amulet)
HPRegen  0.13/turn              l - +4 ring of protection
MPRegen  0.18/turn              w - ring of protection from cold

@: lethally poisoned (0 -> -13), slowed, very slow
A: agile 1, wild magic 1
a: no special abilities


You were on level 5 of the Dungeon.
You were hungry.

You visited 1 branch of the dungeon, and saw 5 of its levels.

You collected 317 gold pieces.

Inventory:

Armour
 a - a +0 robe (worn)
 p - a +0 shield
 y - a +0 cloak (worn)
Jewellery
 l - a +4 ring of protection (left hand)
 w - a ring of protection from cold (right hand)
Scrolls
 b - 2 scrolls of remove curse {unknown}
 d - 8 scrolls of identify {unknown}
 e - 2 scrolls of noise {unknown}
 f - a scroll of fog {unknown}
 h - a scroll of random uselessness {unknown}
 i - 3 scrolls of immolation {unknown}
 j - a scroll of teleportation {unknown}
 k - 2 scrolls of enchant weapon {unknown}
 o - 2 scrolls of magic mapping {unknown}
 s - a scroll of fear {unknown}
Potions
 g - a potion of mutation
 m - a potion of haste {unknown}
 n - 2 potions of might {unknown}
 q - 2 potions of degeneration {unknown}
 r - 2 potions of curing {unknown}
 t - a potion of berserk rage {unknown}
 u - a potion of invisibility {unknown}
 v - a potion of flight {unknown}
 x - a potion of lignification {unknown}
Comestibles
 c - 7 rations


   Skills:
 - Level 2.4 Dodging
 - Level 2.4 Stealth
 + Level 8.1 Spellcasting
 + Level 6.1 Conjurations
 + Level 7.1 Fire Magic


You had 12 spell levels left.
You knew the following spells:

 Your Spells              Type           Power        Failure   Level  Hunger
a - Flame Tongue          Conj/Fire      #####        1%          1    None
b - Throw Flame           Conj/Fire      ######       1%          2    None
c - Conjure Flame         Conj/Fire      ######..     2%          3    None
d - Fireball              Conj/Fire      ######....   17%         5    #####..

Your spell library contained the following spells:

 Spells                   Type           Power        Failure   Level  Hunger
 Sticky Flame             Conj/Fire      ######..     7%          4    ###....
 Inner Flame              Hex/Fire       ####....     8%          3    None


Dungeon Overview and Level Annotations

Branches:
Dungeon (5/15)
 Temple: D:4-7

Altars:
Nemelex Xobeh
Sif Muna

Annotations:
D:2 Sigmund


Innate Abilities, Weirdness & Mutations

You are agile. (Dex +2)
Your spells are a little harder to cast, but a little more powerful.


Message History

You are poisoned.
You feel yourself slow down. The hornet stings you.
You feel as though you will be slow longer.
You feel sick. The hornet stings you!
You feel as though you will be slow longer.
You feel sick. The hornet closely misses you.
You feel sick. The hornet stings you!
* * * LOW HITPOINT WARNING * * *
You are lethally poisoned!
You feel as though you will be slow longer.
The hornet closely misses you.
* * * LOW HITPOINT WARNING * * *
You feel sick. The hornet misses you.
* * * LOW HITPOINT WARNING * * *
You feel sick. The hornet stings you.
* * * LOW HITPOINT WARNING * * *
You feel as though you will be slow longer.
It was a potion of mutation.
You feel extremely strange.
You feel less in control of your magic.
You feel agile.
You die...

#)# #.# #)#
#.# #)# #.#
#.# #.###.#
#.###.....#
#.....#
####..#
######y.##
#....@...#
#.##.##.##
#.##.##.#
#.##.##.# #
###.##.##.#
#.#.....>##.#
#.#.###..##.#
#.<.# #.....#
###.###..####


You could see a hornet.

Vanquished Creatures
  Grinder (D:4)
  A phantom (D:5)
  3 ogres
  A centaur (D:5)
  An orc priest (D:3)
  A hound (D:4)
  A jelly (D:4)
  A bullfrog zombie (D:5)
  Crazy Yiuf (D:5)
  An iguana (D:5)
  Natasha (thrice) (D:3)
  4 worker ants (D:4)
  Robin (D:3)
  7 gnolls
  7 adders
  An adder skeleton (D:5)
  2 worms
  2 dart slugs
  2 leopard geckos
  18 orcs
  6 giant cockroaches
  10 goblins
  13 hobgoblins
  4 jackals
  2 quokkas
  3 ball pythons
  6 bats
  8 frilled lizards
  5 kobolds
  14 rats
130 creatures vanquished.

Notes
Turn   | Place    | Note
-------+----------+-------------------------------------------
     0 | D:1      | Bluestream the Deep Elf Fire Elementalist began the quest
                  | for the Orb.
     0 | D:1      | Reached XP level 1. HP: 10/10 MP: 6/6
   188 | D:1      | Reached XP level 2. HP: 15/15 MP: 4/8
   855 | D:2      | Reached XP level 3. HP: 19/19 MP: 6/10
   887 | D:2      | Reached skill level 4 in Spellcasting
   990 | D:2      | Reached XP level 4. HP: 17/24 MP: 3/12
  1587 | D:2      | Noticed Sigmund
  2096 | D:3      | Reached XP level 5. HP: 28/28 MP: 11/14
  2203 | D:3      | Noticed Natasha
  2208 | D:3      | Killed Natasha
  2221 | D:3      | Found a sparkling altar of Nemelex Xobeh.
  2241 | D:3      | Reached skill level 5 in Spellcasting
  2251 | D:3      | Noticed Natasha
  2380 | D:3      | Killed Natasha
  3066 | D:3      | Reached skill level 5 in Fire Magic
  3259 | D:3      | Noticed Natasha
  3265 | D:3      | Killed Natasha
  3265 | D:3      | Reached XP level 6. HP: 32/32 MP: 10/16
  3321 | D:3      | Noticed Robin
  3333 | D:3      | Killed Robin
  3722 | D:4      | Learned a level 2 spell: Throw Flame
  4054 | D:4      | Found a shimmering blue altar of Sif Muna.
  4058 | D:4      | Reached skill level 6 in Spellcasting
  4323 | D:4      | Reached XP level 7. HP: 35/36 MP: 14/18
  4458 | D:4      | Noticed Grinder
  4465 | D:4      | Killed Grinder
  4465 | D:4      | Reached skill level 7 in Spellcasting
  4465 | D:4      | Reached skill level 5 in Conjurations
  4635 | D:4      | Learned a level 3 spell: Conjure Flame
  4660 | D:5      | Entered Level 5 of the Dungeon
  4820 | D:5      | Reached XP level 8. HP: 41/41 MP: 9/21
  5410 | D:5      | Learned a level 5 spell: Fireball
  5551 | D:5      | Found a runed translucent door.
  5552 | D:5      | Noticed Crazy Yiuf
  5653 | D:5      | Killed Crazy Yiuf
  5830 | D:5      | Reached skill level 8 in Spellcasting
  5873 | D:5      | Noticed a hornet
  5884 | D:5      | HP: 2/41 [hornet (5)]
  5885 | D:5      | Gained mutation: Your spells are a little harder to cast,
                  | but a little more powerful. [potion of mutation]
  5885 | D:5      | Gained mutation: You are agile. (Dex +2) [potion of
                  | mutation]
  5885 | D:5      | Succumbed to a hornet's poison

Levels and vault maps discovered:
D:1:      dpeg_arrival_short_road, layout_basic
D:2:      layout_basic, first_ration, minmay_fractal_squares_5, uniq_sigmund
D:3:      layout_loops_cross, nemelex_xobeh_ov_fountains_minmay, uniq_natasha,
          uniq_robin
D:4:      layout_rooms, nicolae_overflow_crystal_walls, minmay_close_crescents,
          uniq_grinder
D:5:      layout_loops_ring, uniq_crazy_yiuf_cottage

Skill      XL: |  1  2  3  4  5  6  7  8 |
---------------+-------------------------+-----
Conjurations   | 2 3 4 5 6 |  6.1
Spellcasting   | 4 5 6 7 8 |  8.1
Fire Magic     | 4 5 6 7 |  7.1
Dodging        | |  2.4
Stealth        | |  2.4

Action                   |  1- 3 |  4- 6 |  7- 9 || total
-------------------------+-------+-------+-------++-------
Melee: Unarmed           |       |       |    48 ||    48
 Cast: Flame Tongue      |    53 |   138 |    57 ||   248
       Throw Flame       |       |     6 |    19 ||    25
       Conjure Flame     |       |       |     2 ||     2
       Fireball          |       |       |     3 ||     3
  Use: Potion            |       |       |     1 ||     1
  Eat: Chunk             |       |    10 |     5 ||    15
Armor: Robe              |     3 |     9 |    16 ||    28
Dodge: Dodged            |     7 |    36 |    39 ||    82
